[Event "*** Titled Tuesday Blitz"]
[Site "Chess.com"]
[Date "2020.10.20"]
[Round "8"]
[White "RamyresCoelho"]
[Black "TC2304"]
[Result "0-1"]
[WhiteElo "2057"]
[BlackElo "2259"]
[TimeControl "180+1"]
[EndTime "11:39:06 PDT"]
[Termination "TC2304 won by checkmate"]

1. e4 c5 2. Nf3 d6 3. d4 cxd4 4. Nxd4 Nf6 5. Nc3 a6 6. f3 e5 7. Nb3 Be6 8. Be3 Nbd7 9. Qd2 h5 10. O-O-O Be7 11. Kb1 Rc8 12. Nd5 Nxd5 13. exd5 Bf5 14. Bd3 Bxd3 15. Qxd3 Bg5 16. Bxg5 Qxg5 17. g3 O-O 18.
Rhg1 g6 19. h4 Qf6 20. Nd2 Nc5 21. Qe2 b5 22. Ne4 Nxe4 23. fxe4 Kh7 24. Rdf1 Qg7 25. g4 hxg4 26. Rxg4 Qh6 27. h5 g5 28. Rf5 f6 29. Qh2 Rc7 30. Rf1 Kg7 31. Rg3 b4 32. Rh3 Rfc8 33. Rf2 Kf7 34. Qg3 Ke7 35. Qd3 a5 36. Rhf3 Qxh5 37. Rxf6 Rh8 38. Re6+ Kd7 39. Qb5+ Kc8 40. Qa6+ Kb8 41. Qb6+ Ka8 42. Rf1 Qe2 43.
Rc1 Rhc8 44. Qxa5+ Kb8 45. Qxb4+ Ka8 46. Rxd6 Rxc2 47.
Qa4+ Kb7 48. Qxc2 Rxc2 49. Rxc2 Qd1+ 50. Rc1 Qd3+ 51. Ka1 Qd2 52. Rdc6 g4 53. d6 g3 54.
Rc7+ Kb6 55. d7 g2 56. R7c6+ Kb7 57. Rc7+ Kb6 58. R1c6+ Kb5 59. Rc5+ Kb6 60. R7c6+ Kb7 61.
Rc7+ Kb6 62. Rc1 g1=Q 63. Rxg1 Kxc7 64. d8=Q+ Kxd8 65. a3 Qd4 66. Rb1 Qxe4 67. Rd1+ Ke7 68. Rc1 Kf6 69. Rc3 Qd4 70. Ka2 e4 71. Kb3 e3 72.
Rc4 Qd3+ 73. Rc3 Qd1+ 74. Kb4 e2 75. Rc4 e1=Q+ 76. Kb5 Qe8+ 77. Rc6+ Kf5 78. Kb6 Qd4+ 79. Rc5+ Kf4 80. b4 Qe6+ 81. Kb5 Qd3+ 82. Ka4 Qea6+ 83.
Ra5 Qd7+ 84. Kb3 Qad3+ 85. Kb2 Q7d4+ 86. Ka2 Q4c4+ 87. Kb2 Qcc2+ 88. Ka1 Qdd1# 0-1

[Event "*** Titled Tuesday Blitz"]
[Site "Chess.com"]
[Date "2020.10.20"]
[Round "8"]
[White "Manukyan_Artak"]
[Black "Pavalamalli"]
[Result "1-0"]
[WhiteElo "2419"]
[BlackElo "2290"]
[TimeControl "180+1"]
[EndTime "11:39:51 PDT"]
[Termination "Manukyan_Artak won by checkmate"]

1. e4 c5 2. Nf3 a6 3. c3 d5 4.
exd5 Qxd5 5. d4 cxd4 6. cxd4 Nf6 7. Nc3 Qd8 8. Bg5 Bg4 9. h3 Bxf3 10. Qxf3 Qb6 11. Bxf6 exf6 12. Qe4+ Qe6 13. Bd3 Nc6 14. d5 Qxe4+ 15. Bxe4 Ne5 16. O-O-O Bd6 17. Kb1 O-O 18. g4 Rac8 19. Bg2 Nc4 20. Ne4 Be5 21. Nc3 Nxb2 22.
Kxb2 Rxc3 23. Kb1 Rc5 24. Rd3 Rd8 25. Rhd1 Rd6 26. Rb3 b5 27. Rc1 Rxc1+ 28. Kxc1 Kf8 29. Rb4 Ke7 30. a4 Bc3 31. Re4+ Kd7 32. axb5 axb5 33. Kc2 b4 34. Rc4 Ra6 35. Kd3 Ra2 36. Be4 Rxf2 37. Rc6 Rh2 38. Bf5+ Kd8 39. d6 Rd2+ 40. Kc4 Rd4+ 41.
Kb3 Rxd6 42. Rxd6+ Ke8 43. Rd3 g6 44. Bd7+ Ke7 45.
Bb5 Ke6 46. Bc4+ Ke7 47. Re3+ Kf8 48. Bd5 h6 49. Kc4 h5 50. gxh5 gxh5 51. Rf3 Kg7 52. Be4 Kh6 53. Rf5 h4 54. Bf3 Kg6 55. Bg4 Be1 56. Rb5 Bc3 57. Bh5+ Kh6 58. Bxf7 Kg7 59. Bh5 Kh6 60. Bg4 Kg6 61. Kd3 Be1 62. Ke4 Bc3 63.
Bf5+ Kg5 64. Be6+ Kg6 65. Rb8 Kg7 66. Kf5 Bd2 67. Rg8+ Kh7 68. Kxf6 Bc3+ 69. Kf5 Kh6 70. Rc8 Be1 71. Rf8 Kh7 72. Rf7+ Kh6 73. Rb7 Bc3 74. Kg4 Be1 75. Rb5 Kg6 76. Bb3 Kf6 77. Rh5 Kg7 78. Rb5 Kf6 79. Rb6+ Ke5 80. Kf3 Bc3 81. Ke2 Kf4 82. Kd3 Kg3 83. Be6 Be1 84. Bg4 Bc3 85. Rb5 Kf4 86. Kc4 Kg3 87. Kb3 Kg2 88. Rf5 Kg3 89.
Rf3+ Kg2 90. Rd3 Kf2 91. Kc4 Kg2 92. Kd5 Be1 93. Ke4 Bc3 94. Be6 Be1 95. Bd5 Bc3 96. Kf4+ Kh2 97. Kg4 Be1 98. Re3 Bg3 99. Rb3 Be1 100.
Rb2+ Kg1 101. Kf3 Bg3 102. Rg2+ Kf1 103. Rb2 Kg1 104. Rxb4 Kh2 105. Rb2+ Kxh3 106. Be6# 1-0

[Event "*** Titled Tuesday Blitz"]
[Site "Chess.com"]
[Date "2020.10.20"]
[Round "8"]
[White "GMKrikor"]
[Black "Ermito2020"]
[Result "1-0"]
[WhiteElo "2801"]
[BlackElo "2641"]
[TimeControl "180+1"]
[EndTime "11:39:58 PDT"]
[Termination "GMKrikor won on time"]

1. e4 e6 2. d4 d5 3. Nc3 Bb4 4. e5 c5 5. a3 Bxc3+ 6. bxc3 Ne7 7. Qg4 cxd4 8. Bd3 Qa5 9. Ne2 Ng6 10. O-O dxc3 11.
Qg3 Nc6 12. f4 Bd7 13. Be3 Nce7 14. Bd4 Rc8 15. Rfb1 b6 16. Qe1 Nc6 17. Bxc3 Qc5+ 18. Kh1 d4 19. Bd2 O-O 20. Qg3 Qd5 21. Rf1 Nce7 22.
Bb4 f5 23. Rfd1 Ba4 24. Rac1 Rfd8 25. h4 Nc6 26. Be1 Bb5 27. c4 dxc3 28. Nxc3 Qxd3 29. Rxd3 Rxd3 30. Qf2 Nd4 31. Nxb5 Rxc1 32. Nxd4 Rxd4 33. Qxd4 Rxe1+ 34. Kh2 Re4 35. Qd8+ Nf8 36. g3 Ra4 37. Qe7 b5 38. h5 h6 39. Qc5 a6 40. Kh3 Rc4 41.
Qd6 Ra4 42. Kg2 Kf7 43. Kf3 Kg8 44. g4 fxg4+ 45. Kxg4 Kf7 46. Kf3 Kg8 47. f5 exf5 48. e6 Nxe6 49. Qxe6+ Kh8 50. Qc8+ Kh7 51. Qxf5+ Kg8 52.
Qc5 Kh8 53. Ke3 Kg8 54. Qe7 Kh8 55. Kd3 Kg8 56. Kc3 Kh8 57. Kb3 Kg8 58. Qe8+ Kh7 59. Qf7 Kh8 60. Qg6 Kg8 61. Qe6+ Kh8 62. Qc8+ Kh7 63.
Qe8 Rg4 64. Qc8 Ra4 65. Kb2 Ra5 66. Qf5+ Kh8 67. Qd5 Ra4 68. Qd8+ Kh7 69. Qb8 Rg4 70. Qc8 Ra4 71. Qa8 Rh4 72. Qxa6 Rxh5 73. Qb6 Rg5 74. Qd6 h5 75. Qf4 Kh6 76. Qf8 Kh7 77. Kc3 h4 78. Qf4 Rh5 79. Kd2 h3 80. Qh2 Kh6 81. Ke3 g6 82.
Kf4 Rf5+ 83. Kg4 Rg5+ 84. Kh4 Rh5+ 85. Kg3 Rg5+ 86. Kf3 Rf5+ 87. Ke4 Rh5 88. Ke3 Rh4 89. Kf2 Rh5 90. Kg1 Rg5+ 91. Kh1 Rh5 92. Qd2+ Kg7 93. Kh2 Kh7 94. Qd7+ Kh6 95. Qe7 Rf5 96. Kxh3 Rh5+ 97.
Kg4 Rf5 98. Qd7 Rh5 99. Qd2+ Kg7 100. Qd7+ Kh6 101. Qd8 Kg7 102. Qc7+ Kh6 103. Qb7 Rf5 104. Qc7 Rh5 105. Kf4 Rf5+ 106. Ke4 Rh5 107. Qf4+ Kg7 108. Qd6 Kh6 109. Qe7 1-0

[Event "*** Titled Tuesday Blitz"]
[Site "Chess.com"]
[Date "2020.10.20"]
[Round "8"]
[White "ChessWarrior7197"]
[Black "AndrewMaco"]
[Result "1/2-1/2"]
[WhiteElo "2984"]
[BlackElo "2627"]
[TimeControl "180+1"]
[EndTime "11:40:08 PDT"]
[Termination "Game drawn by agreement"]

1. c4 e5 2. d3 Nf6 3. Nf3 Nc6 4. a3 g6 5. g3 Bg7 6. Bg2 O-O 7. O-O d5 8. cxd5 Nxd5 9. Bd2 Bg4 10. Nc3 Nxc3 11.
Bxc3 Nd4 12. Bxd4 exd4 13. h3 Bc8 14. b4 c6 15. Nd2 Re8 16. Ne4 Be6 17. Nc5 Bc8 18.
Re1 a5 19. Rb1 axb4 20. axb4 Ra2 21. Kh2 Bf8 22. Ne4 Kg7 23. b5 c5 24. b6 Ra6 25.
Qc2 Rxb6 26. Bf3 Rxb1 27. Rxb1 Qd7 28. Nxc5 Qxh3+ 29. Kg1 Bg4 30. Ne4 Bxf3 31. exf3 Re7 32. Qc4 Qd7 33. Kg2 h6 34. Rb5 Kh8 35. Rd5 Qc6 36. Qxc6 bxc6 37. Rxd4 Re6 38. f4 Kg7 39. Kf3 f5 40. Nd2 Bc5 41. Rc4 Bb6 42. Rb4 Bc5 43. Rb3 Kf7 44. Nc4 Bd4 45. Rb8 g5 46. Rc8 c5 47. fxg5 hxg5 48. Ra8 Kg6 49. Rg8+ Kh6 50. g4 fxg4+ 51. Kxg4 Bxf2 52. Nd2 Be3 53. Ne4 c4 54. Kf5 Rc6 55. dxc4 Rxc4 56. Nf6 Rc5+ 57. Ke4 Bf4 58. Kf3 Rf5 59. Ng4+ Kh7 60. Ra8 Rf7 61.
Ke4 Kg7 62. Ra6 Re7+ 63. Kf5 Rf7+ 64. Nf6 Re7 65. Nh5+ Kf7 66. Rf6+ Ke8 67. Kg6 Kd7 68. Kf5 Re5+ 69. Kg4 Re6 70. Rf7+ Re7 71. Rf8 Ke6 72. Ra8 Kd5 73. Nf6+ Kc6 74. Ra6+ Kb7 75. Ra4 Re5 76. Nd7 Rd5 77. Nf6 Re5 78. Rc4 Rb5 79.
Ne4 Re5 80. Nc5+ Ka7 81. Ra4+ Kb6 82. Nd7+ Kb5 83. Ra8 Re1 84. Kf5 Rf1 85. Ke4 Re1+ 86. Kf3 Rf1+ 87. Ke2 Rc1 88. Nf6 Rc2+ 89. Kd3 Rd2+ 90.
Kc3 Rd1 91. Ne4 Rc1+ 92. Kd3 Rd1+ 93. Ke2 Rd4 94. Nc3+ Kc5 95. Rc8+ Kb4 96. Nd1 g4 97. Rg8 g3 98. Kf3 Rxd1 99. Kxf4 Rf1+ 100. Ke3 g2 101. Rxg2 Rc1 102. Rg4+ Rc4 103. Rg8 Rc3+ 104. Kd4 Rc1 105. Rb8+ Ka3 106. Kd3 Rc7 1/2-1/2

[Event "*** Titled Tuesday Blitz"]
[Site "Chess.com"]
[Date "2020.10.20"]
[Round "9"]
[White "YIYUKI"]
[Black "grandcoach"]
[Result "1-0"]
[WhiteElo "2322"]
[BlackElo "2153"]
[TimeControl "180+1"]
[EndTime "11:42:07 PDT"]
[Termination "YIYUKI won by resignation"]

1. e4 c5 2. b3 Nf6 3. e5 g6 4. exf6 exf6 5. Bb2 d5 6. Bb5+ Nc6 7. Qe2+ Be6 8. Nf3 Bd6 9. O-O O-O 10. Bxc6 bxc6 11.
d4 Bg4 12. dxc5 Bxc5 13. Nbd2 Re8 14. Qd3 Qd6 15. Rae1 Bf5 16. Qc3 Bb4 17. Qxf6 1-0

[Event "*** Titled Tuesday Blitz"]
[Site "Chess.com"]
[Date "2020.10.20"]
[Round "9"]
[White "Berardino"]
[Black "GiantThresher"]
[Result "0-1"]
[WhiteElo "2586"]
[BlackElo "2821"]
[TimeControl "180+1"]
[EndTime "11:42:13 PDT"]
[Termination "GiantThresher won by resignation"]

1. e4 e6 2. d4 d5 3. Nd2 c5 4. exd5 exd5 5. dxc5 Bxc5 6. Ngf3 Nc6 7. Bd3 Nf6 8. O-O O-O 9. Nb3 Bb6 10. c3 Bg4 11. h3 Bh5 12. Be2 Ne4 13. Nfd4 Bg6 14. Be3 Bc7 15. Bh5 Qd6 16. Nf3 Bxh5 0-1

[Event "*** Titled Tuesday Blitz"]
[Site "Chess.com"]
[Date "2020.10.20"]
[Round "9"]
[White "Colombiano07"]
[Black "MFBerna"]
[Result "1/2-1/2"]
[WhiteElo "2239"]
[BlackElo "2423"]
[TimeControl "180+1"]
[EndTime "11:42:40 PDT"]
[Termination "Game drawn by agreement"]

1. c4 Nf6 2. Nc3 c5 3. g3 g6 4. Bg2 Bg7 5. e4 Nc6 6. Nge2 d6 7. O-O O-O 8. d3 Rb8 9. h3 a6 10. a4 b6 11. Be3 Bb7 12. Qd2 Ne8 13. Bh6 Nc7 14.
Bxg7 Kxg7 15. d4 cxd4 16. Nxd4 Ne6 17. Nce2 Ncxd4 18. Nxd4 Qc7 19. b3 Qc5 20. Rad1 Nxd4 21. Qxd4+ Qxd4 22. Rxd4 a5 23. Rfd1 Rfc8 24. f4 Rc5 25. Kf2 f6 26. Ke3 1/2-1/2

[Event "*** Titled Tuesday Blitz"]
[Site "Chess.com"]
[Date "2020.10.20"]
[Round "9"]
[White "TrenerChos"]
[Black "ChessArchitect64"]
[Result "0-1"]
[WhiteElo "2162"]
[BlackElo "2061"]
[TimeControl "180+1"]
[EndTime "11:42:40 PDT"]
[Termination "ChessArchitect64 won by resignation"]

1. d4 d5 2. Nf3 c6 3. g3 Nf6 4. Bg2 Bf5 5. O-O e6 6. c4 Be7 7.
Nc3 Nbd7 8. Re1 O-O 9. Nd2 Re8 10. e4 dxe4 11. Ndxe4 Nxe4 12. Nxe4 Bxe4 13. Bxe4 Nf6 14. Bg2 Bf8 15. Be3 Qb8 16. Qb3 Qc7 17. Rac1 Qb6 18. Qb4 Bxb4 0-1

[Event "*** Titled Tuesday Blitz"]
[Site "Chess.com"]
[Date "2020.10.20"]
[Round "9"]
[White "Meri-Arabidze"]
[Black "Susal_De_Silva"]
[Result "1-0"]
[WhiteElo "2637"]
[BlackElo "2442"]
[TimeControl "180+1"]
[EndTime "11:42:57 PDT"]
[Termination "Meri-Arabidze won by resignation"]

1. d4 Nf6 2. c4 e6 3. Nc3 Bb4 4.
Nf3 O-O 5. e3 c5 6. Bd3 d6 7.
O-O Bxc3 8. bxc3 Nc6 9. e4 e5 10. d5 Ne7 11. Nh4 Ng6 12. Nf5 Bxf5 13. exf5 Ne7 14. Bg5 e4 15. Bxf6 exd3 16. Qg4 g6 17. Rae1 Re8 18. Qg5 Qd7 19. Rxe7 Rxe7 20. Qh6 1-0

[Event "*** Titled Tuesday Blitz"]
[Site "Chess.com"]
[Date "2020.10.20"]
[Round "9"]
[White "KetiGrant"]
[Black "suyu28"]
[Result "1-0"]
[WhiteElo "2355"]
[BlackElo "2605"]
[TimeControl "180+1"]
[EndTime "11:42:58 PDT"]
[Termination "KetiGrant won by resignation"]

1. e4 e5 2. Nf3 Nc6 3. Bb5 a6 4. Ba4 Nf6 5. O-O Be7 6. Re1 b5 7. Bb3 d5 8. exd5 Nxd5 9. Nxe5 Nxe5 10. Rxe5 c6 11. Nc3 Nxc3 12. bxc3 O-O 13. d4 Bd6 14. Re1 Qh4 15. g3 Qh3 16. Qf3 Bb7 17. Bg5 h6 18.
Be7 Bxe7 19. Rxe7 c5 1-0

[Event "*** Titled Tuesday Blitz"]
[Site "Chess.com"]
[Date "2020.10.20"]
[Round "9"]
[White "coco_crc"]
[Black "kot60"]
[Result "0-1"]
[WhiteElo "2189"]
[BlackElo "2339"]
[TimeControl "180+1"]
[EndTime "11:43:10 PDT"]
[Termination "kot60 won by resignation"]

1. e4 e5 2. Nf3 Nc6 3. c3 d5 4.
Qa4 Nf6 5. Nxe5 Bd6 6. Nxc6 bxc6 7. d3 O-O 8. Be2 Qe8 9. Bg5 dxe4 10. Bxf6 exd3 11. O-O Qxe2 12. Bg5 Bxh2+ 0-1

[Event "*** Titled Tuesday Blitz"]
[Site "Chess.com"]
[Date "2020.10.20"]
[Round "9"]
[White "brunomorado"]
[Black "romulocardoso"]
[Result "1-0"]
[WhiteElo "2315"]
[BlackElo "2111"]
[TimeControl "180+1"]
[EndTime "11:43:10 PDT"]
[Termination "brunomorado won by checkmate"]

1. d4 Nf6 2. Nc3 e6 3. e4 d5 4. Bg5 dxe4 5. Nxe4 Be7 6. Bxf6 Bxf6 7. Ne2 O-O 8. g3 b6 9. Bg2 Bb7 10. Nxf6+ Qxf6 11. Bxb7 Nd7 12. Bxa8 Rxa8 13. O-O c5 14. dxc5 Nxc5 15.
Qd4 e5 16. Qc4 Qf3 17. Nc3 Ne6 18. Qd5 Qg4 19. Qxa8+ Nf8 20. Qe4 Qe6 21. Rad1 g6 22. Rd8 Kg7 23. Rfd1 h6 24. Qb4 Nh7 25. R1d7 Ng5 26.
Qb3 Qh3 27. Qd5 e4 28. Qe5+ Kh7 29. Rh8# 1-0

[Event "*** Titled Tuesday Blitz"]
[Site "Chess.com"]
[Date "2020.10.20"]
[Round "9"]
[White "Trickov"]
[Black "natelleka"]
[Result "1-0"]
[WhiteElo "2346"]
[BlackElo "2198"]
[TimeControl "180+1"]
[EndTime "11:43:13 PDT"]
[Termination "Trickov won by checkmate"]

1. d4 d5 2. Nf3 c5 3. g3 Nc6 4.
Bg2 cxd4 5. Nxd4 Nf6 6. O-O g6 7. c4 Nxd4 8. Qxd4 dxc4 9. Qxd8+ Kxd8 10. Na3 c3 11. bxc3 Bg7 12. Rd1+ Kc7 13. Bf4+ Kb6 14. Rab1+ Ka6 15. Rd4 Bd7 16. Bxb7+ Ka5 17. Bc7# 1-0

[Event "*** Titled Tuesday Blitz"]
[Site "Chess.com"]
[Date "2020.10.20"]
[Round "9"]
[White "Cambek64"]
[Black "gagtemp"]
[Result "1-0"]
[WhiteElo "2303"]
[BlackElo "1953"]
[TimeControl "180+1"]
[EndTime "11:43:17 PDT"]
[Termination "Cambek64 won by resignation"]

1. e4 e6 2. Nc3 d5 3. d4 Bb4 4. Bd3 c5 5. exd5 Qxd5 6. Bd2 Qxd4 7. Nf3 Qd8 8. O-O Nf6 9. Qe2 O-O 10. Rad1 Nc6 11.
a3 Ba5 12. Bg5 Qe7 13. Ne4 Bd7 14. Qe3 Bb6 15. Bxf6 gxf6 16. Qh6 1-0

[Event "*** Titled Tuesday Blitz"]
[Site "Chess.com"]
[Date "2020.10.20"]
[Round "9"]
[White "annamaja"]
[Black "MidnightFox"]
[Result "1-0"]
[WhiteElo "2307"]
[BlackElo "2419"]
[TimeControl "180+1"]
[EndTime "11:43:28 PDT"]
[Termination "annamaja won by resignation"]

1. e4 e5 2. Nf3 Nc6 3. Bc4 Bc5 4. d3 Nf6 5. O-O O-O 6. c3 d6 7. Bg5 h6 8. Bh4 Bb6 9. Nbd2 Qe7 10. h3 Nd8 11. Bb3 Ne6 12. Nc4 Nf4 13. Ne3 c6 14. Re1 Ng6 15. Bg3 Nh5 16. Bh2 Nhf4 17. d4 Bd7 18. Nf5 Bxf5 19. exf5 Nh4 20. Bxf4 1-0

[Event "*** Titled Tuesday Blitz"]
[Site "Chess.com"]
[Date "2020.10.20"]
[Round "9"]
[White "TheMagnet"]
[Black "Radzio1987"]
[Result "0-1"]
[WhiteElo "2583"]
[BlackElo "2798"]
[TimeControl "180+1"]
[EndTime "11:43:36 PDT"]
[Termination "Radzio1987 won by resignation"]

1. d4 Nf6 2. c4 e6 3. Nc3 Bb4 4.
f3 c5 5. d5 d6 6. e4 b5 7. Ne2 bxc4 8. Nf4 e5 9. Ne2 Nbd7 10.
Ng3 Nb6 11. Be2 Ng8 12. O-O Ne7 13. Re1 O-O 14. Nf1 f5 15. Ne3 fxe4 16. fxe4 Ng6 17.
Nxc4 Nxc4 18. Bxc4 Nf4 19. Rf1 Bd7 20. a3 Bxc3 21.
bxc3 Qh4 22. g3 Nh3+ 0-1

[Event "*** Titled Tuesday Blitz"]
[Site "Chess.com"]
[Date "2020.10.20"]
[Round "9"]
[White "BJthechessgod"]
[Black "jonaszmb"]
[Result "0-1"]
[WhiteElo "2202"]
[BlackElo "2388"]
[TimeControl "180+1"]
[EndTime "11:43:41 PDT"]
[Termination "jonaszmb won by resignation"]

1. e4 c5 2. Nf3 Nc6 3. d4 cxd4 4.
Nxd4 e5 5. Nb5 a6 6. Nd6+ Bxd6 7. Qxd6 Qf6 8. Qc7 Qe7 9. Nc3 Nb4 10. Bd3 d5 11. Qxe7+ Nxe7 12. exd5 Bf5 13. Bxf5 Nxf5 14. Kd1 O-O-O 15. a3 Nxd5 16. Nxd5 Rxd5+ 17. Ke1 Nd4 18.
c4 Nc2+ 19. Ke2 Rd4 20. Rb1 Rhd8 21. b3 Re4+ 22. Kf3 f5 23. Rb2 Rd3+ 24. Be3 Nd4+ 25. Kg3 f4+ 26. Kg4 fxe3+ 27. Kg5 e2 28. Re1 Rd1 29.
Rbxe2 Rxe1 30. Rxe1 Rxe1 0-1

[Event "*** Titled Tuesday Blitz"]
[Site "Chess.com"]
[Date "2020.10.20"]
[Round "9"]
[White "ChristopherYoo"]
[Black "Duhless"]
[Result "0-1"]
[WhiteElo "2843"]
[BlackElo "3022"]
[TimeControl "180+1"]
[EndTime "11:43:45 PDT"]
[Termination "Duhless won by resignation"]

1. Nf3 Nf6 2. c4 g6 3. Nc3 Bg7 4. e4 e5 5. Nxe5 O-O 6. Nf3 Re8 7. Bd3 d5 8. cxd5 c6 9. O-O cxd5 10. e5 Nfd7 11. Bb5 d4 12. Nxd4 a6 13. Bxd7 Nxd7 14. Nf3 Nxe5 15. Nxe5 Bxe5 16. d3 Qh4 17. g3 Qh3 18.
Qf3 Bxc3 19. bxc3 Qxf1+ 20. Kxf1 Bh3+ 21. Qg2 Bxg2+ 22. Kxg2 Re1 0-1

[Event "*** Titled Tuesday Blitz"]
[Site "Chess.com"]
[Date "2020.10.20"]
[Round "9"]
[White "DenisQ"]
[Black "TigrVShlyape"]
[Result "0-1"]
[WhiteElo "2672"]
[BlackElo "2862"]
[TimeControl "180+1"]
[EndTime "11:43:59 PDT"]
[Termination "TigrVShlyape won by resignation"]

1. Nf3 Nf6 2. c4 g6 3. Nc3 Bg7 4. g3 d6 5. Bg2 O-O 6. O-O Nc6 7.
Rb1 a5 8. a3 e5 9. b4 axb4 10.
axb4 Bf5 11. d3 Qd7 12. b5 Nd8 13. Bg5 Ne6 14. Bxf6 Bxf6 15. Qd2 Nc5 16. Ng5 Bxg5 17. Qxg5 Be6 18. Ne4 Nxe4 19. Bxe4 c6 20. bxc6 bxc6 21. Rb6 d5 22. cxd5 cxd5 23. Bf3 Qc7 24. Rfb1 Rfb8 25.
Rxb8+ Rxb8 26. Rxb8+ Qxb8 27. Qf6 Bh3 0-1

[Event "*** Titled Tuesday Blitz"]
[Site "Chess.com"]
[Date "2020.10.20"]
[Round "9"]
[White "barriochess"]
[Black "davidkalashian"]
[Result "0-1"]
[WhiteElo "2317"]
[BlackElo "2614"]
[TimeControl "180+1"]
[EndTime "11:44:08 PDT"]
[Termination "davidkalashian won by resignation"]

1. d4 Nf6 2. c4 e6 3. Nf3 b6 4.
a3 Ba6 5. Qc2 Bb7 6. Nc3 c5 7. e4 cxd4 8. Nxd4 Bc5 9. Nf3 Nc6 10.
Bg5 Nd4 11. Nxd4 Bxd4 12. O-O-O Bxc3 13. Qxc3 Nxe4 14. Bxd8 Nxc3 15. bxc3 Rxd8 16. f4 Ke7 17. Rd4 Rc8 18. Rg1 Rc5 19. Be2 Rhc8 20. Rgd1 R8c7 21. g3 Ba6 22. Kb2 Bxc4 23. Bxc4 Rxc4 24. Rxc4 Rxc4 25. Kb3 d5 26. a4 Kd6 27. Re1 Re4 0-1

[Event "*** Titled Tuesday Blitz"]
[Site "Chess.com"]
[Date "2020.10.20"]
[Round "9"]
[White "FMalexhdez"]
[Black "SchieberSpieler"]
[Result "1-0"]
[WhiteElo "2295"]
[BlackElo "2418"]
[TimeControl "180+1"]
[EndTime "11:44:10 PDT"]
[Termination "FMalexhdez won by resignation"]

1. e4 e6 2. d4 d5 3. Nc3 Nf6 4. e5 Nfd7 5. f4 c5 6. Nf3 Nc6 7. Ne2 b5 8. c3 a5 9. f5 b4 10.
Nf4 Nb6 11. fxe6 Bxe6 12. Bb5 Rc8 13. dxc5 Bxc5 14. Nd4 Bd7 15. e6 fxe6 16. Qh5+ Ke7 17. Bxc6 Bxc6 18. Nfxe6 Qd6 19. Bg5+ Kd7 20. Qf7+ 1-0

[Event "*** Titled Tuesday Blitz"]
[Site "Chess.com"]
[Date "2020.10.20"]
[Round "9"]
[White "SophieNikoladze"]
[Black "ShahMatKanal"]
[Result "0-1"]
[WhiteElo "2289"]
[BlackElo "2445"]
[TimeControl "180+1"]
[EndTime "11:44:18 PDT"]
[Termination "ShahMatKanal won by resignation"]

1. d4 d5 2. Nf3 Nf6 3. e3 c5 4. b3 Nc6 5. Bb2 Bg4 6. Nbd2 e6 7. h3 Bh5 8. g4 Bg6 9. Ne5 cxd4 10. exd4 Rc8 11.
Nxg6 hxg6 12. a3 Qb6 13. Nf3 Nxg4 14. Bg2 Nh6 15. O-O Nf5 16. Qd2 Bd6 17. Rae1 Bb8 18. Ng5 Ncxd4 19. Bxd5 Qd6 20. f4 Qxd5 21. c4 0-1

[Event "*** Titled Tuesday Blitz"]
[Site "Chess.com"]
[Date "2020.10.20"]
[Round "9"]
[White "GelmanAlexander"]
[Black "Flopezin"]
[Result "1-0"]
[WhiteElo "2578"]
[BlackElo "2344"]
[TimeControl "180+1"]
[EndTime "11:44:19 PDT"]
[Termination "GelmanAlexander won by resignation"]

1. d4 Nf6 2. Nc3 d5 3. Bf4 e6 4. Nb5 Na6 5. e3 Be7 6. g4 c6 7.
Nc3 Qa5 8. Bd3 h6 9. a3 c5 10.
Nf3 cxd4 11. exd4 Qb6 12. Ne5 Qxb2 13. Nb5 Bd7 14. Nxd7 Kxd7 15. O-O Ne8 16. Qd2 1-0

[Event "*** Titled Tuesday Blitz"]
[Site "Chess.com"]
[Date "2020.10.20"]
[Round "9"]
[White "Natalya_Buksa"]
[Black "margarita_2703"]
[Result "1-0"]
[WhiteElo "2555"]
[BlackElo "2407"]
[TimeControl "180+1"]
[EndTime "11:44:20 PDT"]
[Termination "Natalya_Buksa won by resignation"]

1. d4 Nf6 2. Nc3 d5 3. Bf4 c6 4. e3 Bf5 5. Nf3 Nbd7 6. Ne5 e6 7. g4 Bg6 8. h4 h5 9. Nxg6 fxg6 10. Bd3 Bb4 11.
Bxg6+ Kf8 12. g5 Ne4 13. Qf3 Bxc3+ 14. bxc3 Kg8 15. Bxe4 dxe4 16. Qxe4 Qe7 17. Bg3 Rf8 18. Rb1 Nb6 19. Qe5 Nc4 20. Qc7 Qxc7 21. Bxc7 b5 22.
Ke2 Rf7 23. Bg3 Kh7 24. e4 Rhf8 25. f4 a5 26. Rhf1 g6 27. Rf3 Nd6 28. Kd3 Rc8 29. f5 exf5 30. Bxd6 fxe4+ 31. Kxe4 Re8+ 32. Be5 1-0

[Event "*** Titled Tuesday Blitz"]
[Site "Chess.com"]
[Date "2020.10.20"]
[Round "9"]
[White "ShapkinAnatoliy"]
[Black "Makswolf200817"]
[Result "1-0"]
[WhiteElo "2647"]
[BlackElo "2449"]
[TimeControl "180+1"]
[EndTime "11:44:26 PDT"]
[Termination "ShapkinAnatoliy won by resignation"]

1. d4 d5 2. c4 e6 3. Nf3 c6 4.
Nbd2 f5 5. g3 Nf6 6. Bg2 Bd6 7.
O-O O-O 8. Qc2 Nbd7 9. Ne1 Qe7 10. Nd3 b6 11. Nf3 Bb7 12. Bf4 Rac8 13. Bxd6 Qxd6 14.
b4 c5 15. bxc5 bxc5 16. cxd5 cxd4 17. Qb2 Qxd5 18. Nf4 Qc6 19. Ng5 Ne4 20. Ngxe6 Rfe8 21. Nxd4 Qb6 22. Qxb6 Nxb6 23. Nxf5 g6 24. Bxe4 1-0

[Event "*** Titled Tuesday Blitz"]
[Site "Chess.com"]
[Date "2020.10.20"]
[Round "9"]
[White "SantoBlue"]
[Black "Alexander_Zubov"]
[Result "1-0"]
[WhiteElo "2805"]
[BlackElo "2907"]
[TimeControl "180+1"]
[EndTime "11:44:27 PDT"]
[Termination "SantoBlue won by checkmate"]

1. Nf3 d5 2. g3 g6 3. Bg2 Bg7 4. O-O e5 5. d3 Ne7 6. Nbd2 Nbc6 7. e4 O-O 8. Re1 h6 9. c3 a5 10. a4 Re8 11. Qc2 Be6 12. exd5 Bxd5 13. Nc4 Nf5 14. Ne3 Be6 15. Ng4 Qd6 16. Nd2 Rad8 17. Ne4 Qe7 18. b3 Nd6 19. Nxh6+ Kf8 20. Ng5 f5 21. Nh7# 1-0

[Event "*** Titled Tuesday Blitz"]
[Site "Chess.com"]
[Date "2020.10.20"]
[Round "9"]
[White "Teo2000"]
[Black "DinaBelenkaya"]
[Result "0-1"]
[WhiteElo "2430"]
[BlackElo "2307"]
[TimeControl "180+1"]
[EndTime "11:44:30 PDT"]
[Termination "DinaBelenkaya won by resignation"]

1. e4 d5 2. exd5 Qxd5 3. Nc3 Qa5 4. d4 Nf6 5. Bc4 c6 6. Ne2 Bf5 7. Be3 e6 8. Qd2 Nbd7 9. O-O-O Bb4 10. f3 b5 11. Bb3 Nb6 12. Kb1 Nc4 13. Bxc4 bxc4 14. g4 Bg6 15. h4 h5 16. Nf4 Rb8 17. Ka1 Nd5 18. Nfxd5 cxd5 19. Bf4 Rb6 20. Bc7 Kd7 21. Bxb6 axb6 22. a3 Ra8 23. Qc1 Bxc3 24. bxc3 Qxc3+ 25. Qb2 Rxa3+ 26. Kb1 Qa5 27. Kc1 Ra1+ 28. Qxa1 Qxa1+ 29. Kd2 Qb2 30. Rc1 c3+ 31. Ke3 Bxc2 32. gxh5 b5 33. Rcg1 Bd3 0-1

[Event "*** Titled Tuesday Blitz"]
[Site "Chess.com"]
[Date "2020.10.20"]
[Round "9"]
[White "Letinac"]
[Black "Evachess2006"]
[Result "1-0"]
[WhiteElo "2006"]
[BlackElo "1629"]
[TimeControl "180+1"]
[EndTime "11:44:31 PDT"]
[Termination "Letinac won by resignation"]

1. Nf3 Nc6 2. d4 d5 3. c4 dxc4 4. e3 Bf5 5. Bxc4 e6 6. O-O Bb4 7. Bb5 Nf6 8. Qa4 Qd6 9. Ne5 Nd7 10. Nxc6 bxc6 11. Bxc6 Rd8 12. Nc3 Bxc3 13. bxc3 O-O 14. Ba3 Nb6 15. Bxd6 Nxa4 16. Bxf8 1-0

[Event "*** Titled Tuesday Blitz"]
[Site "Chess.com"]
[Date "2020.10.20"]
[Round "9"]
[White "SamuelGhimpu2003"]
[Black "XDPS"]
[Result "0-1"]
[WhiteElo "2569"]
[BlackElo "2716"]
[TimeControl "180+1"]
[EndTime "11:44:32 PDT"]
[Termination "XDPS won by resignation"]

1. d4 d5 2. Nc3 e6 3. Bf4 a6 4. e3 c5 5. Nf3 Nc6 6. dxc5 Bxc5 7. Bd3 Nge7 8. O-O f6 9. e4 d4 10. Na4 Ba7 11. b3 e5 12. Bg3 O-O 13. Nb2 g5 14. h3 Ng6 15. a4 Kg7 16. Nh2 Rh8 17. Qh5 Bd7 18. h4 h6 19. hxg5 hxg5 20. Qf3 Qe7 21. Nc4 Rh7 0-1

[Event "*** Titled Tuesday Blitz"]
[Site "Chess.com"]
[Date "2020.10.20"]
[Round "9"]
[White "jacky72"]
[Black "mamey78"]
[Result "0-1"]
[WhiteElo "2538"]
[BlackElo "2418"]
[TimeControl "180+1"]
[EndTime "11:44:33 PDT"]
[Termination "mamey78 won by resignation"]

1. e4 e5 2. f4 exf4 3. Nf3 Ne7 4. d4 d5 5. e5 Ng6 6. Bd3 c5 7. c3 Nc6 8. Bxg6 hxg6 9. Bxf4 Bg4 10. O-O Qb6 11.
Be3 cxd4 12. cxd4 Nxe5 13. dxe5 Qxe3+ 14. Kh1 Qf4 15. g3 Qxg3 16. Qa4+ Bd7 17. Qd4 Rc8 18. Nc3 Bc5 19. Qxd5 Bc6 20. Ne4 Rxh2+ 21. Nxh2 Bxd5 0-1